AoeStats
← TKBXPT2214

Black Forest

505324788Analyzed
3v3 RM · 25d ago on Sep 8, 2026· 63m 26s· 6 players
Game mode
Random Map
Map size
Normal (6 player)
Population
200
Speed
Normal
Resources
Standard
Victory
Conquest
Starting age
Dark Age
Ending age
Imperial Age
RankedLock teamsTeams togetherTeam positionsShared explorationLock speedFull tech treeHidden civsTurbo modeCheats
Victory
Defeat
🇦🇷 Persians · Argentina
1179
+12
🇫🇷 Bengalis · France
1153
+13
🇦🇷 Ethiopians · Argentina
1070
+17
🇪🇸 Wu · Spain
1215
-19
1038
-12
1019
-11
[JGPTK] Sagital31
3:17 Loom
12:44 Feudal Age
13:48 Town Watch
18:18 Castle Age
17:33 Double-Bit Axe
19:58 Forging
20:29 Squires
20:26 Gold Mining
25:45 Scale Mail Armor
26:20 Iron Casting
28:21 Fishing Lines
32:01 Bow Saw
32:32 Wheelbarrow
32:43 Horse Collar
33:30 Sanctity
37:22 Imperial Age
36:02 Masonry
37:02 Arson
37:33 Chain Mail Armor
37:19 Pikeman
38:02 Halberdier
39:17 Plate Mail Armor
39:47 Blast Furnace
40:11 Architecture
41:10 Ballistics
41:05 Fletching
42:18 Chemistry
45:19 Demolition Ship
46:16 Medium Warships
46:28 Red Cliffs Tactics
46:30 Sitting Tiger
46:55 Bodkin Arrow
46:57 Murder Holes
48:55 Coinage
48:43 Caravan
50:47 Banking
54:01 Bracer
55:17 Hand Cart
56:38 Conscription
57:35 Arson
63:13 Two-Man Saw
[JGPTK] AntonioStekelenburg
0:46 Loom
11:43 Feudal Age
16:21 Castle Age
15:55 Horse Collar
22:17 Wheelbarrow
26:00 Hand Cart
29:59 Imperial Age
28:49 Fletching
30:02 Double-Bit Axe
30:24 Heavy Plow
31:35 Bow Saw
34:08 Chemistry
33:53 Bodkin Arrow
33:44 Heavy Rocket Cart
34:36 Siege Engineers
34:43 Masonry
34:38 Bracer
34:00 Crossbowman
35:12 Thumb Ring
35:25 Gold Mining
36:09 Ballistics
35:13 Arbalester
37:55 Shinkichon
37:56 Conscription
37:41 Caravan
57:29 Man-at-Arms
57:32 Pikeman
58:25 Forging
58:15 Scale Mail Armor
58:41 Squires
58:16 Halberdier
[JGPTK] Almirante Ackbar
0:53 Loom
13:56 Feudal Age
16:25 Double-Bit Axe
16:29 Horse Collar
20:09 Castle Age
21:27 Heavy Plow
27:05 Wheelbarrow
27:15 Bow Saw
28:22 Stone Mining
28:51 Gold Mining
28:52 Treadmill Crane
29:25 Fortified Wall
30:00 Murder Holes
30:27 Ballistics
34:12 Imperial Age
32:37 Hand Cart
33:49 Gold Shaft Mining
32:40 Pikeman
33:21 Squires
33:37 Forging
33:31 Scale Mail Armor
34:49 Stone Shaft Mining
33:48 Elite Skirmisher
34:51 Fletching
35:39 Iron Casting
35:05 Padded Archer Armor
35:21 Chain Mail Armor
36:05 Crop Rotation
36:45 Two-Man Saw
36:31 Halberdier
38:17 Chemistry
37:44 Conscription
37:59 Hoardings
38:42 Bodkin Arrow
39:18 Plate Mail Armor
47:47 Arson
50:10 Coinage
49:41 Caravan
49:52 Guilds
51:43 Bracer
51:59 Leather Archer Armor
55:09 Ring Archer Armor
56:44 Devotion
57:26 Onager
Newell's
2:23 Loom
11:52 Feudal Age
16:21 Castle Age
15:05 Double-Bit Axe
15:07 Horse Collar
16:58 Bow Saw
24:12 Wheelbarrow
24:23 Town Watch
27:36 Heavy Plow
34:13 Imperial Age
32:24 Bloodlines
32:18 Husbandry
33:03 Scale Barding Armor
33:09 Forging
33:13 Gold Mining
34:15 Hand Cart
34:30 Chain Barding Armor
33:59 Cavalier
35:36 Conscription
37:40 Plate Barding Armor
36:41 Capped Ram
38:55 Iron Casting
39:00 Siege Ram
40:23 Savar
42:11 Blast Furnace
40:34 Light Cavalry
42:59 Hussar
46:34 Caravan
48:18 Fletching
48:29 Padded Archer Armor
48:30 Kamandaran
48:57 Ballistics
49:37 Chemistry
48:48 Masonry
49:19 Crossbowman
50:04 Thumb Ring
49:20 Elite Skirmisher
50:23 Bodkin Arrow
50:44 Leather Archer Armor
50:45 Citadels
51:11 Hoardings
54:50 Crop Rotation
adriboubou
3:27 Loom
12:17 Feudal Age
12:45 Double-Bit Axe
14:18 Wheelbarrow
17:27 Castle Age
16:22 Horse Collar
26:48 Bow Saw
26:40 Heavy Plow
31:59 Imperial Age
29:16 Town Watch
29:52 Hand Cart
30:30 Squires
29:50 Pikeman
30:31 Fletching
30:47 Scale Barding Armor
30:39 Gold Mining
31:45 Bodkin Arrow
32:22 Ballistics
32:18 Bloodlines
32:09 Husbandry
31:30 Light Cavalry
32:37 Paiks
33:02 Caravan
32:40 Onager
33:30 Bracer
34:29 Conscription
34:32 Mahayana
35:37 Chemistry
34:44 Padded Archer Armor
35:12 Elite Elephant Archer
36:37 Chain Barding Armor
36:07 Elite Battle Elephant
38:09 Leather Archer Armor
47:55 Plate Barding Armor
47:52 Ring Archer Armor
47:33 Forging
47:25 Scale Mail Armor
56:46 Town Patrol
57:29 Iron Casting
57:10 Chain Mail Armor
57:56 Elite Skirmisher
TKBXPT2214
3:31 Loom
12:42 Feudal Age
14:04 Wheelbarrow
18:26 Castle Age
16:35 Double-Bit Axe
19:40 Hand Cart
21:16 Bow Saw
25:35 Crossbowman
28:20 Thumb Ring
28:39 Caravan
29:43 Gold Mining
29:43 Stone Mining
35:52 Imperial Age
34:08 Stone Shaft Mining
34:08 Gold Shaft Mining
35:19 Fletching
35:30 Padded Archer Armor
36:50 Bodkin Arrow
37:11 Leather Archer Armor
37:41 Conscription
36:53 Arbalester
37:36 Elite Shotel Warrior
41:01 Bracer
41:48 Capped Ram
41:49 Onager
44:10 Torsion Engines
44:37 Ballistics
45:17 Chemistry
44:23 Siege Engineers
44:54 Siege Onager
48:17 Forging
48:39 Ring Archer Armor
48:17 Elite Skirmisher
48:17 Heavy Cavalry Archer
Connection lost

Rejoining the realm…

Still unreachable

The connection could not be restored.

Session expired

The server has moved on; the page needs a fresh start.